AoeStats
← mmmmmmm

Arena

509483556Analyzed
1v1 RM · 4d ago on Sep 26, 2026· 61m 22s· 2 players
Game mode
Random Map
Map size
Tiny (2 player)
Population
200
Speed
Normal
Resources
Standard
Victory
Conquest
Starting age
Dark Age
Ending age
Imperial Age
RankedLock teamsTeams togetherTeam positionsShared explorationLock speedFull tech treeHidden civsTurbo modeCheats
Victory
Defeat
🇨🇴 Aztecs · Colombia
1069
+18
🇦🇷 Franks · Argentina
1119
-18
joluga
12:10 Feudal Age
13:26 Double-Bit Axe
13:34 Horse Collar
15:56 Castle Age
15:21 Gold Mining
16:25 Scale Mail Armor
17:19 Heavy Plow
18:25 Bow Saw
19:21 Fervor
20:43 Sanctity
22:39 Wheelbarrow
24:14 Hand Cart
25:02 Loom
31:39 Imperial Age
28:32 Pikeman
29:25 Treadmill Crane
30:29 Squires
30:54 Chain Mail Armor
30:49 Forging
30:51 Heavy Plow
30:43 Gambesons
30:46 Arson
30:32 Eagle Warrior
31:06 Town Watch
32:34 Gold Shaft Mining
32:23 Atlatl
32:49 Garland Wars
33:19 Iron Casting
33:59 Plate Mail Armor
35:04 Blast Furnace
35:22 Crop Rotation
35:36 Block Printing
35:56 Conscription
36:02 Stone Mining
37:44 Chemistry
38:22 Illumination
38:27 Fletching
39:18 Elite Eagle Warrior
42:06 Capped Ram
43:19 Siege Engineers
43:46 Redemption
43:17 Siege Ram
48:06 Town Patrol
49:23 Bodkin Arrow
51:56 Bracer
51:56 Padded Archer Armor
51:19 Elite Skirmisher
52:31 Atlatl
53:38 Leather Archer Armor
53:54 Ballistics
55:13 Murder Holes
mmmmmmm
7:57 Loom
9:42 Feudal Age
15:25 Castle Age
15:00 Wheelbarrow
16:22 Double-Bit Axe
17:00 Town Watch
17:18 Gold Mining
17:19 Stone Mining
18:23 Fletching
24:54 Bow Saw
25:40 Gold Shaft Mining
27:05 Hand Cart
29:43 Imperial Age
27:29 Bodkin Arrow
27:35 Padded Archer Armor
27:40 Scale Barding Armor
27:46 Forging
29:28 Leather Archer Armor
30:31 Chain Barding Armor
30:18 Scale Mail Armor
29:42 Light Cavalry
30:25 Husbandry
29:48 Cavalier
31:33 Iron Casting
34:13 Ballistics
35:41 Blast Furnace
35:46 Plate Barding Armor
35:27 Chain Mail Armor
37:38 Chemistry
59:42 Elite Skirmisher
Connection lost

Rejoining the realm…

Still unreachable

The connection could not be restored.

Session expired

The server has moved on; the page needs a fresh start.